 Dungeon Crawl Stone Soup version 0.19.4 (webtiles) character file.

3224 Haldmier the Cleaver (level 9, -2/78 HPs)
             Began as a Hill Orc Gladiator on Feb 2, 2017.
             Was a Believer of Makhleb.
             Slain by a fire bat (5 damage)
             ... on level 8 of the Dungeon.
             The game lasted 00:41:15 (8146 turns).

Haldmier the Cleaver (Hill Orc Gladiator)           Turns: 8146, Time: 00:41:15

Health: -2/78      AC: 14    Str: 18    XL:     9   Next: 98%
Magic:  11/11      EV: 13    Int: 12    God:    Makhleb [**....]
Gold:   100        SH:  0    Dex: 14    Spells: 1 memorised, 8 levels left

rFire  . . .     SeeInvis .     a - +1 war axe
rCold  . . .     Gourm    .     j - +0 ring mail
rNeg   + . .     Faith    .     (no shield)
rPois  +         Spirit   .     c - +1 helmet
rElec  .         Reflect  .     M - +2 cloak {rPois}
rCorr  .         Harm     .     v - +0 pair of gloves
MR     +....                    V - +0 pair of boots of the Crushed Gods {MR+ Int+4}
Stlth  +.........               (no amulet)
                                (no ring)
                                s - ring of positive energy

@: about to teleport
A: no striking features
a: Minor Destruction, Renounce Religion


You were on level 8 of the Dungeon.
You worshipped Makhleb.
Makhleb was pleased with you.
You were not hungry.

You visited 2 branches of the dungeon, and saw 11 of its levels.
You also visited: Ossuary.

You collected 380 gold pieces.
You spent 280 gold pieces at shops.

Inventory:

Hand Weapons
 a - a +1 war axe (weapon)
 r - a +0 flail of crushing
 G - a +0 hand crossbow
Missiles
 d - 3 throwing nets
 A - 8 javelins
 I - 12 tomahawks (quivered)
Armour
 c - a +1 helmet (worn)
 j - a +0 ring mail (worn)
 v - a +0 pair of gloves (worn)
 y - a +0 chain mail
 F - a +0 buckler
 M - a +2 cloak of poison resistance (worn)
 O - a cursed +0 plate armour
 V - the +0 pair of boots of the Crushed Gods (worn) {MR+ Int+4}
   (You found it on level 8 of the Dungeon)

   It affects your intelligence (+4).
   It affects your resistance to hostile enchantments.
Rods
 b - a -1 rod of clouds (14/14)
   (You found it on level 6 of the Dungeon)
Jewellery
 s - a ring of positive energy (left hand)
Wands
 l - a wand of slowing (17/48)
 N - a wand of iceblast (5/15)
Scrolls
 k - a scroll of teleportation
 o - a scroll of amnesia
 t - 2 scrolls of magic mapping
 x - a scroll of enchant weapon
 D - 2 scrolls of remove curse
 E - 2 scrolls of recharging
 J - 2 scrolls of enchant armour
 K - a scroll of fear
 P - a scroll of identify
Potions
 e - 2 potions of brilliance
 g - 3 potions of berserk rage
 h - a potion of magic
 i - 7 potions of curing
 m - 2 potions of lignification
 n - a potion of heal wounds
 q - 2 potions of haste
 u - 4 potions of flight
 w - 4 potions of invisibility
 B - a potion of mutation
 C - 2 potions of might
 H - a potion of resistance {unknown}
 Q - 3 potions of agility
Books
 z - a book of Necromancy

   Spells                             Type                      Level
   a - Pain                           Necromancy                   1
   b - Animate Skeleton               Necromancy                   1
   c - Vampiric Draining              Necromancy                   3
   d - Regeneration                   Charms/Necromancy            3
   e - Animate Dead                   Necromancy                   4
   f - Control Undead                 Necromancy                   4
 L - a book of Debilitation

   Spells                             Type                      Level
   a - Corona                         Hexes                        1
   b - Slow                           Hexes                        2
   c - Gell's Gravitas                Hexes/Translocation          3
   d - Inner Flame                    Hexes/Fire                   3
   e - Cause Fear                     Hexes                        4
   f - Leda's Liquefaction            Hexes/Earth                  4
 S - a book of Minor Magic

   Spells                             Type                      Level
   a - Magic Dart                     Conjuration                  1
   b - Blink                          Translocation                2
   c - Call Imp                       Summoning                    2
   d - Repel Missiles                 Charms/Air                   2
   e - Slow                           Hexes                        2
   f - Conjure Flame                  Conjuration/Fire             3
   g - Mephitic Cloud                 Conjuration/Poison/Air       3
Comestibles
 f - 4 bread rations
 p - 4 meat rations
 R - 2 beef jerkies
 T - a slice of pizza
 U - a chunk of flesh


   Skills:
 + Level 6.8 Fighting
 * Level 12.2 Axes
 - Level 1.7 Throwing
 + Level 5.3 Armour
 + Level 5.0 Dodging
 + Level 1.3 Spellcasting
 + Level 1.6 Translocations
 + Level 3.7 Invocations


You had 8 spell levels left.
You knew the following spells:

 Your Spells              Type           Power        Failure   Level  Hunger
a - Blink                 Tloc           N/A          45%         2    ###....


Dungeon Overview and Level Annotations

Branches:
Dungeon (10/15)            Temple (1/1) D:4            Lair (0/6) D:8
    Orc: D:9-12

Altars:
Ashenzari
Elyvilon
Fedhas
Gozag
Hepliaklqana
Kikubaaqudgha
Makhleb
Okawaru
Qazlal
Ru
Trog
Uskayaw
Vehumet
Xom
Yredelemnul
Zin
The Shining One

Shops:
D:4 :

Annotations:
D:3 Crystal Room, exclusion: oklob plant


Message History

The fire bat bites you but does no damage.
The fire bat barely misses you.
You see here a plate armour.
The fire bat bites you but does no damage.
The fire bat bites you but does no damage.
The fire bat bites you but does no damage.
The fire bat bites you.
* * * LOW HITPOINT WARNING * * *
You are engulfed in flames.
* * * LOW HITPOINT WARNING * * *
You take 8 damage, and have 12/78 hp.
As you read the scroll of teleportation, it crumbles to dust.
You feel strangely unstable. The fire bat bites you.
* * * LOW HITPOINT WARNING * * *
You are engulfed in flames.
* * * LOW HITPOINT WARNING * * *
The fire bat bites you.
* * * LOW HITPOINT WARNING * * *
You are engulfed in flames.
You die...

##### #...#
######## #.#.#
#.b.[..# #.#.#
#@####.#
#.#.######.#
#.##
#.#........#
#..#
#.##########
##.## #.#
#8.8#
#######.####
##'##
#....).....###
#.#
#.#####.#####.
##.## #.# #.#
#...
#+##...##+#


You could see a fire bat.

Vanquished Creatures
  A troll (D:10)
  A hippogriff (D:7)
  A fire bat (D:8)
  A phantom (D:6)
  A sky beast (D:5)
  2 ice beasts
  4 ogres
  2 black bears
  An elf zombie (Ossuary)
  2 bullfrogs
  A gnoll sergeant (D:5)
  A water moccasin zombie (D:10)
  5 killer bees (D:7)
  3 scorpions
  A water moccasin skeleton (D:6)
  2 howler monkeys
  A crimson imp (D:10)
  6 centaur zombies (Ossuary)
  3 jellies
  2 hounds
  Crazy Yiuf (D:6)
  A bullfrog skeleton (D:6)
  5 human zombies (Ossuary)
  An orc priest (D:4)
  An iguana (D:5)
  3 orc wizards
  3 worker ants
  3 mummies (Ossuary)
  A worker ant zombie (D:7)
  4 gnolls (D:5)
  7 adders
  An ooze (D:3)
  A worm (D:4)
  3 dart slugs
  6 leopard geckos
  11 orcs
  7 bats
  5 giant cockroaches
  8 goblins
  5 hobgoblins
  12 jackals
  3 quokkas
  A ball python (D:5)
  6 frilled lizards
  A jackal zombie (D:5)
  3 kobolds (D:2)
  A quokka skeleton (D:7)
  12 rats
157 creatures vanquished.

Vanquished Creatures (others)
  10 toadstools (D:3)
10 creatures vanquished.

Grand Total: 167 creatures vanquished

Notes
Turn   | Place    | Note
-------+----------+-------------------------------------------
     0 | D:1      | Haldmier the Hill Orc Gladiator began the quest for the Orb.
     0 | D:1      | Reached XP level 1. HP: 18/18 MP: 1/1
   310 | D:1      | Reached XP level 2. HP: 22/25 MP: 2/2
   513 | D:1      | Reached skill level 5 in Axes
   776 | D:2      | Reached XP level 3. HP: 30/30 MP: 3/3
  1019 | D:2      | Found a hazy altar of Hepliaklqana.
  1096 | D:2      | Reached skill level 6 in Axes
  1556 | D:3      | Reached XP level 4. HP: 37/37 MP: 4/4
  1810 | D:3      | Reached skill level 7 in Axes
  1914 | D:3      | Reached XP level 5. HP: 42/42 MP: 5/5
  1944 | D:3      | Found a blossoming altar of Fedhas.
  1966 | D:3      | Noticed an oklob plant
  2674 | D:4      | Reached skill level 8 in Axes
  3048 | D:4      | Found a staircase to the Ecumenical Temple.
  3057 | Temple   | Entered the Ecumenical Temple
  3075 | Temple   | Became a worshipper of Makhleb the Destroyer
  3224 | D:4      | Reached XP level 6. HP: 50/50 MP: 6/6
  3250 | D:4      | Got a crystal rapier
  3352 | D:4      | Identified the +4 rapier of the Toadstool {drain, rF+} (You found it on level 4 of the Dungeon)
  3425 | D:4      | Reached skill level 1 in Armour
  3466 | D:4      | Found Liseuhaf's Book Shop.
  3498 | D:4      | Found an iron altar of Okawaru.
  3577 | D:4      | Found a shattered altar of Ashenzari.
  3956 | D:5      | Entered Level 5 of the Dungeon
  4002 | D:5      | Reached skill level 9 in Axes
  4002 | D:5      | Reached XP level 7. HP: 25/57 MP: 7/7
  4071 | D:5      | Found a sand-covered staircase.
  4253 | Ossuary  | Entered an ossuary
  4600 | Ossuary  | Reached XP level 8. HP: 44/66 MP: 8/8
  4845 | D:5      | Reached skill level 10 in Axes
  5094 | D:5      | Found a glowing silver altar of Zin.
  5094 | D:5      | Found a white marble altar of Elyvilon.
  5094 | D:5      | Found a glowing golden altar of the Shining One.
  5319 | D:5      | Found a white marble altar of Elyvilon.
  5328 | D:4      | Reached * piety under Makhleb
  5663 | D:5      | Reached skill level 5 in Fighting
  6183 | D:6      | Found a runed door.
  6187 | D:6      | Noticed Crazy Yiuf
  6201 | D:6      | Killed Crazy Yiuf
  6471 | D:6      | Reached skill level 1 in Invocations
  6483 | D:6      | Reached skill level 11 in Axes
  6551 | D:6      | Reached XP level 9. HP: 72/74 MP: 10/10
  7077 | D:4      | Bought a book of Minor Magic for 280 gold pieces
  7080 | D:4      | Learned a level 2 spell: Blink
  7081 | D:4      | Identified a -1 rod of clouds (14/14) (You found it on level 6 of the Dungeon)
  7548 | D:7      | Reached ** piety under Makhleb
  7548 | D:7      | Reached skill level 5 in Armour
  7555 | D:7      | Found a stormy altar of Qazlal.
  7607 | D:7      | Noticed a seven-headed hydra
  7613 | D:7      | You fall through a shaft for 3 floors!
  7613 | D:10     | Entered Level 10 of the Dungeon
  7706 | D:10     | Reached skill level 1 in Translocations
  7812 | D:10     | Noticed a troll
  7829 | D:10     | Reached skill level 12 in Axes
  7886 | D:10     | Killed a troll
  7886 | D:10     | Reached skill level 5 in Dodging
  7886 | D:10     | Reached skill level 1 in Spellcasting
  8010 | D:8      | Found a staircase to the Lair.
  8082 | D:8      | Found a hide-covered altar of Uskayaw.
  8097 | D:8      | Got a pair of translucent boots
  8103 | D:8      | Identified the +0 pair of boots of the Crushed Gods {MR+ Int+4} (You found it on level 8 of the Dungeon)
  8146 | D:8      | HP: 3/78 [fire bat (1)]
  8146 | D:8      | Slain by a fire bat

Skill      XL: |  1  2  3  4  5  6  7  8  9 |
---------------+----------------------------+-----
Axes           | 5 6 7 8 9 11 12 | 12.2
Armour         | 1 3 4 5 |  5.3
Fighting       | 3 4 5 6 |  6.8
Dodging        | 3 4 5 |  5.0
Invocations    | 2 3 |  3.7
Translocations | 1 |  1.6
Spellcasting   | 1 |  1.3
Throwing       | |  1.7

Action                   |  1- 3 |  4- 6 |  7- 9 || total
-------------------------+-------+-------+-------++-------
Melee: War axe           |   105 |   134 |   400 ||   639
Throw: Tomahawk          |       |     4 |    17 ||    21
Evoke: Rod               |       |       |     1 ||     1
  Use: Scroll            |       |    17 |    11 ||    28
  Eat: Chunk             |     2 |     7 |    12 ||    21
       Pizza             |       |       |     1 ||     1
       Beef jerky        |       |       |     1 ||     1
Armor: Leather armour    |    16 |       |       ||    16
       Ring mail         |    28 |    47 |   141 ||   216
Dodge: Dodged            |    73 |    93 |   231 ||   397
